 Dungeon Crawl Stone Soup version 0.28.0-43-g3370ac3207 (webtiles) character file.

Game seed: 4567698146694663122

555 Bruhh the Chopper (level 7, -8/41 HPs)
             Began as a Gargoyle Fighter on Mar 28, 2022.
             Mangled by an ogre
             ... wielding a +0 giant club
              (10 damage)
             ... on level 4 of the Dungeon.
             The game lasted 00:07:16 (5258 turns).

Bruhh the Chopper (Gargoyle Fighter)                Turns: 5258, Time: 00:07:17

Health: -8/41      AC: 15    Str: 22      XL:     7   Next: 30%
Magic:  7/7        EV:  7    Int:  5 (8)  God:
Gold:   191        SH:  4    Dex:  7 (9)  Spells: 6/6 levels left

rFire   . . .      SeeInvis .   e - +0 short sword (drain)
rCold   . . .      Faith    .   c - +0 buckler
rNeg    + . .      Spirit   .   g - +0 chain mail
rPois   ∞          Reflect  .   (no helmet)
rElec   +          Harm     .   h - +0 cloak
rCorr   .          Rampage  .   (no gloves)
Will    .....                   (no boots)
Stlth   ..........              (no amulet)
HPRegen 0.13/turn               (no ring)
MPRegen 0.10/turn               (no ring)

@: no status effects
A: sickness immunity, AC +4, negative energy resistance 1, electricity
resistance, torment resistance 1, petrification resistance
a: no special abilities


You were on level 4 of the Dungeon.
You visited 1 branch of the dungeon, and saw 5 of its levels.

You collected 191 gold pieces.

Inventory:

Hand Weapons
 a - a +0 war axe
 e - a +0 short sword of draining (weapon)
Armour
 b - a +0 scale mail
 c - a +0 buckler (worn)
 g - a +0 chain mail (worn)
 h - a +0 cloak (worn)
 i - a +0 cloak
Jewellery
 l - a +4 ring of protection
 m - an amulet of magic regeneration
 p - a ring of protection from cold
Scrolls
 f - a scroll of enchant armour {unknown}
 o - a scroll of noise {unknown}
 s - 3 scrolls of teleportation
 u - a scroll of enchant weapon {unknown}
 w - a scroll of amnesia {unknown}
 y - a scroll of fog {unknown}
 z - a scroll of brand weapon {unknown}
Potions
 k - 2 potions of curing
 n - a potion of mutation
 q - a potion of haste {unknown}
 t - a potion of flight {unknown}
 v - a potion of invisibility
 x - a potion of resistance {unknown}


   Skills:
 - Level 3.2 Fighting
 * Level 7.1 Axes
 - Level 3.2 Armour
 - Level 3.2 Shields


You had 6 spell levels left.
You didn't know any spells.
Your spell library contained the following spells:

 Spells                   Type           Power      Damage    Failure   Level
 Blink                    Tloc           0%         N/A       100%        2
 Blade Hands              Tmut           0%         N/A       100%        5
 Irradiate                Conj/Tmut      0%         3d14      100%        5
 Dragon Form              Tmut           0%         N/A       100%        7
 Discord                  Hex            0%         N/A       100%        8


Dungeon Overview and Level Annotations

Branches:
Dungeon (5/15)
 Temple: D:4-7

Altars:

Shops:
D:4 ?

Annotations:
D:4 1 runed translucent door, gnacko's ghost, amateur GrIE


Innate Abilities, Weirdness & Mutations

You are immune to sickness and miasma.
Your stone body is resilient. (AC +4)
You are immune to poison.
You resist negative energy. (rN+)
You are resistant to electric shocks. (rElec)
You are resistant to unholy torment.
You are immune to petrification.


Message History

You hit the water moccasin.
The water moccasin is severely wounded.
The water moccasin completely misses you.
The water moccasin bites you but does no damage.
You miss the water moccasin.
The water moccasin is severely wounded.
The water moccasin bites you but does no damage.
You puncture the water moccasin!
You kill the water moccasin!
You feel your strength returning.
Your Axes skill increases to level 7!
You start resting.
You feel a little less mighty now.
You start resting.
HP restored.
There is a stone staircase leading down here.
As you read the scroll labelled CECIME OSMIHA, it crumbles to dust.
It is a scroll of identify.
s - 3 scrolls of teleportation
As you read the scroll of identify, it crumbles to dust.
k - 2 potions of curing
As you read the scroll of identify, it crumbles to dust.
v - a potion of invisibility
As you read the scroll of identify, it crumbles to dust.
n - a potion of mutation You can't go up here!
You climb downwards.
The ogre hits you with a +0 giant club.
There is a stone staircase leading up here.
The ogre hits you with a +0 giant club!!
You climb upwards.
Level annotation: 1 runed translucent door, gnacko's ghost, amateur GrIE
There is a stone staircase leading down here.
You hit the ogre. You drain the ogre.
The ogre is moderately wounded.
The ogre hits you with a +0 giant club!!
* * * LOW HITPOINT WARNING * * *
You hit the ogre. You drain the ogre.
The ogre is severely wounded.
The ogre hits you with a +0 giant club!
You die...

###.......##.........#
#.##.....##.....##.#..
##.##.....#.#'#..#.....
#...........+∩+........
#..........##'#........
##.........##.#........
#...........#.#........
##.....O..#.......#.....
#...#..@.....#....#..##.
#............##.........
#.............#..(......
###..........#....#......
#...##..#...###..##......
#######.....####.#.##....
#.!.#..##........##....
#.≈.#..#####.#...##....
#.≈.#..# ##.###.#.....


You could see an ogre (drained).

Vanquished Creatures
  Sigmund (D:4)
  A water moccasin (D:4)
  A necrophage (D:4)
  A water moccasin skeleton (D:4)
  A centaur skeleton (D:5)
  7 adders
  An adder skeleton (D:4)
  2 worms (D:3)
  2 dart slugs
  11 bats
  4 endoplasms
  4 giant cockroaches
  6 goblins
  2 hobgoblins (D:2)
  7 kobolds
  3 quokkas
  4 ball pythons
  3 frilled lizards
  7 rats
68 creatures vanquished.

Notes
Turn   | Place    | Note
-------+----------+-------------------------------------------
     0 | D:1      | Bruhh the Gargoyle Fighter began the quest for the Orb.
     0 | D:1      | Reached XP level 1. HP: 14/14 MP: 1/1
   152 | D:1      | Reached skill level 2 in Axes
   183 | D:1      | Reached XP level 2. HP: 11/19 MP: 2/2
   688 | D:1      | Found a faded altar of an unknown god.
   701 | D:1      | Reached skill level 3 in Axes
   757 | D:1      | Reached XP level 3. HP: 23/23 MP: 3/3
  1469 | D:2      | Reached XP level 4. HP: 24/28 MP: 4/4
  1839 | D:2      | Reached skill level 4 in Axes
  3380 | D:3      | Got the Volume of the Voyage and Bewitchment
  3439 | D:4      | Noticed Sigmund
  3775 | D:4      | Killed Sigmund
  3776 | D:4      | Reached skill level 5 in Axes
  3776 | D:4      | Reached XP level 5. HP: 6/32 MP: 5/5
  3776 | D:4      | Reached XP level 6. HP: 7/37 MP: 6/6
  4025 | D:4      | Noticed a necrophage
  4049 | D:4      | Killed a necrophage
  4050 | D:4      | Reached skill level 6 in Axes
  4540 | D:4      | Found Hikefull's Magic Scroll Emporium.
  4641 | D:4      | Found a runed translucent door.
  4747 | D:4      | Noticed gnacko's ghost (amateur GrIE)
  4806 | D:5      | Entered Level 5 of the Dungeon
  4823 | D:5      | Reached XP level 7. HP: 34/41 MP: 7/7
  4959 | D:4      | Reached skill level 7 in Axes
  5257 | D:4      | HP: 2/41 [ogre/+0 giant club (18)]
  5258 | D:4      | Mangled by an ogre

Illustrated notes

Levels and vault maps discovered:
D:1:      kilobyte_arrival_exit_the_forest, layout_basic,
          hellmonk_ecumenical_altar_arch_garden
D:2:      minmay_angry_zag, layout_basic
D:3:      cheibrodos_helix_gallery, layout_basic, kennysheep_crisscross
D:4:      layout_cave_pools, serial_shops, nicolae_shop_behind_doors,
          ebering_ghost_reflecting_pool, uniq_sigmund
D:5:      layout_loops_ring, uniq_edmund, uniq_menkaure, uniq_grinder

Skill      XL: |  1  2  3  4  5  6  7 |
---------------+----------------------+-----
Axes           | 2 3 5 6 7 |  7.1
Fighting       | |  3.2
Armour         | |  3.2
Shields        | |  3.2

Action                   |  1- 3 |  4- 6 |  7- 9 || total
-------------------------+-------+-------+-------++-------
Melee: War axe           |    20 |       |       ||    20
       Short sword       |    66 |   191 |    16 ||   273
  Use: Scroll            |       |       |     4 ||     4
       Potion            |       |       |     2 ||     2
Armor: Scale mail        |    19 |       |       ||    19
       Chain mail        |    33 |   139 |    17 ||   189
Dodge: Dodged            |    41 |    56 |     8 ||   105
Block: Buckler           |    17 |    30 |     4 ||    51
